Map: Triton LE

Players

Trap - Winner!

  • Race: Protoss Protoss
  • Spawn Location: 11:00

uThermal

  • Race: Terran Terran
  • Spawn Location: 5:00

Event: IEM Katowice 2020

VOD

Have the link to the VOD?

Description

Time

  • Played on: Feb. 25, 2020, 2:51 p.m.
  • Length: 11:27

All games in this series

Show
View Real Time Build Order
Export as new Build Order

Trap Protoss - Winner!

Build Orders: 1 Gate Expand, Blink Stalkers 

Get SALT Encoding   

  12  0:00  Probe  
  13  0:12  Probe  
  14  0:17  Pylon  
  14  0:24  Probe (Chrono Boost)  
  15  0:36  Probe (Chrono Boost), Gateway  
  16  0:44  Probe (Chrono Boost)  
  16  0:46  Assimilator  
  17  0:51  Probe  
  18  1:03  Probe  
  19  1:15  Probe  
  20  1:23  Cybernetics Core  
  20  1:32  Nexus  
  20  1:41  Pylon  
  20  1:42  Probe  
  21  1:50  Assimilator  
  21  1:55  Probe  
  21  1:56  Adept (Chrono Boost)  
  21  2:00  Warp Gate  
  24  2:07  Probe (Chrono Boost)  
  25  2:19  Probe (Chrono Boost), Stalker  
  28  2:24  Probe (Chrono Boost)  
  29  2:32  Twilight Council  
  29  2:33  Probe (Chrono Boost)  
  30  2:45  Probe (Chrono Boost)  
  30  2:49  Stalker  
  34  2:51  Probe (Chrono Boost)  
  34  2:54  Probe (Chrono Boost)  
  36  2:58  Probe (Chrono Boost)  
  36  2:59  Probe (Chrono Boost)  
  36  3:02  Blink (Chrono Boost)  
  37  3:09  Probe  
  37  3:11  Probe  
  39  3:21  Probe  
  39  3:23  Probe  
  39  3:24  Gateway  
  39  3:26  Robotics Facility  
  41  3:34  Probe  
  42  3:35  Probe  
  42  3:36  Pylon  
  43  3:47  Probe, Assimilator  
  43  3:48  Probe  
  45  3:54  Sentry  
  47  3:59  Pylon  
  47  4:01  Probe x2  
  49  4:05  Phoenix  
  49  4:06  Nexus  
  49  4:12  Pylon  
  49  4:13  Probe x2  
  49  4:16  Observer  
  52  4:21  Stalker x2  
  56  4:26  Forge  
  56  4:28  Probe  
  56  4:29  Probe  
  58  4:37  Observer  
  59  4:44  Stalker  
  59  4:45  Stalker  
  63  4:50  Probe, Gateway  
  63  4:51  Probe, Gateway  
  65  4:55  Pylon  
  65  4:58  Charge  
  65  5:05  Probe (Chrono Boost), Protoss Ground Armor Level 1  
  67  5:09  Probe (Chrono Boost)  
  67  5:13  Assimilator  
  67  5:17  Probe (Chrono Boost), Stalker  
  67  5:20  Probe x2 (Chrono Boost)  
  72  5:26  Probe (Chrono Boost), Forge  
  72  5:28  Probe x2 (Chrono Boost)  
  75  5:32  Probe x2 (Chrono Boost), Observer  
  75  5:33  Probe (Chrono Boost)  
  79  5:37  Pylon  
  79  5:39  Assimilator  
  79  5:41  Assimilator  
  79  5:44  Probe x2  
  79  5:45  Probe  
  79  5:47  Templar Archives  
  82  5:53  Stalker  
  84  5:57  Stalker  
  84  6:01  Probe x2, Gateway x2  
  84  6:02  Probe  
  84  6:03  Psionic Storm  
  89  6:09  Pylon  
  89  6:11  Gateway  
  89  6:15  Gateway  
  88  6:19  Probe x3, Protoss Ground Weapons Level 1 (Chrono Boost)  
  91  6:27  Shield Battery  
  91  6:39  High Templar x2  
  93  6:41  Photon Cannon  
  93  6:42  Pylon, Zealot x2  
  97  6:52  Warp Prism (Chrono Boost)  
  101  6:56  High Templar x2  
  101  6:59  Pylon  
  103  7:08  Robotics Bay  
  103  7:09  Photon Cannon  
  103  7:13  Zealot x2  
  103  7:14  Nexus  
  107  7:16  Pylon  
  107  7:17  Probe x3  
  107  7:21  Observer  
  107  7:22  Stalker x2  
  111  7:26  Protoss Ground Armor Level 2 (Chrono Boost)  
  111  7:29  Probe x3  
  112  7:35  Stalker x2  
  116  7:42  Stalker x2  
  116  7:44  Observer (Chrono Boost)  
  121  7:50  Photon Cannon  
  121  7:55  Photon Cannon, Gravitic Boosters  
  121  8:02  Immortal (Chrono Boost)  
  125  8:07  Probe x2  
  125  8:08  Probe  
  125  8:11  Pylon  
  127  8:14  Robotics Facility  
  127  8:16  Stalker x3  
  133  8:32  Protoss Ground Weapons Level 2 (Chrono Boost), Immortal (Chrono Boost)  
  133  8:39  Probe x2  
  133  8:40  Probe x2  
  141  8:41  Photon Cannon  
  141  8:51  High Templar  
  141  8:52  High Templar, Zealot x5  
  152  9:11  Probe x4  
  155  9:18  Pylon  
  155  9:20  Pylon x2  
  155  9:21  Pylon  
  155  9:31  Gravitic Drive  
  154  9:32  Nexus  
  154  9:36  Disruptor x2 (Chrono Boost)  
  160  9:49  Zealot x2  
  160  9:50  Zealot x6  
  174  10:06  Disruptor x2 (Chrono Boost)  
  173  10:13  Gateway  
  163  10:15  High Templar x3  
  163  10:16  High Templar, Zealot x4  
  163  10:17  Gateway  
  169  10:26  Archon  
  169  10:27  Archon  
  163  10:38  Immortal x2 (Chrono Boost)  
  165  10:43  Zealot x4  
  169  10:54  Zealot x4  
  177  11:05  Zealot x4  
  177  11:08  Assimilator x2  
Show
View Real Time Build Order
Export as new Build Order

uThermal Terran 

Build Orders: Reaper Expand, Mech 

Get SALT Encoding   

  12  0:01  SCV  
  13  0:13  SCV  
  14  0:16  Supply Depot  
  14  0:25  SCV  
  15  0:38  SCV, Barracks  
  16  0:42  Refinery  
  16  0:50  SCV  
  17  1:02  SCV  
  18  1:14  SCV  
  19  1:26  Reaper  
  19  1:27  Orbital Command  
  20  1:41  Command Center  
  20  1:54  SCV  
  21  1:56  Supply Depot  
  21  1:58  Marine  
  22  2:06  SCV  
  22  2:08  Factory  
  23  2:14  Refinery  
  23  2:18  SCV  
  23  2:20  Barracks Reactor  
  24  2:30  SCV  
  24  2:31  Bunker  
  24  2:42  SCV  
  25  2:52  Starport  
  25  2:53  Hellion  
  25  2:54  Orbital Command  
  25  2:56  Marine  
  28  2:58  Marine  
  28  3:03  SCV  
  30  3:14  Marine, Widow Mine  
  30  3:15  SCV  
  30  3:16  Marine  
  36  3:20  SCV  
  37  3:27  SCV  
  37  3:29  Medivac  
  37  3:32  Marine  
  40  3:34  Marine  
  40  3:35  Widow Mine  
  40  3:38  Supply Depot  
  40  3:40  SCV  
  45  3:41  SCV  
  45  3:48  Supply Depot  
  45  3:52  SCV  
  46  3:57  Factory Tech Lab  
  46  3:59  Marine x2, Starport Tech Lab  
  46  4:00  SCV  
  49  4:06  SCV  
  50  4:12  SCV  
  50  4:15  Command Center  
  49  4:17  Raven  
  49  4:18  SCV  
  53  4:24  SCV  
  53  4:25  Siege Tank  
  53  4:30  Supply Depot  
  53  4:31  Marine x2  
  57  4:35  SCV  
  57  4:36  SCV  
  60  4:41  Refinery  
  60  4:42  Refinery  
  60  4:47  SCV, Supply Depot  
  60  4:48  SCV  
  60  4:51  Marine x2  
  64  4:59  Siege Tank  
  67  5:01  SCV  
  67  5:04  SCV  
  69  5:09  Marine x2, Engineering Bay  
  69  5:12  Cloaking Field  
  69  5:13  SCV  
  72  5:15  Banshee  
  72  5:18  SCV  
  72  5:21  Supply Depot  
  76  5:25  SCV  
  76  5:26  Supply Depot  
  76  5:27  Orbital Command  
  77  5:33  Siege Tank  
  80  5:37  SCV  
  80  5:38  SCV  
  80  5:41  Factory  
  82  5:46  Factory  
  82  5:47  Barracks Tech Lab  
  82  5:49  SCV  
  83  5:50  SCV  
  83  5:53  Orbital Command  
  84  5:59  Banshee  
  84  6:01  SCV  
  84  6:02  SCV  
  89  6:04  Missile Turret  
  89  6:05  Missile Turret  
  89  6:13  SCV  
  89  6:14  SCV  
  89  6:15  Armory  
  89  6:17  Refinery  
  89  6:18  Refinery, Siege Tank  
  91  6:20  SCV  
  91  6:22  Bunker  
  95  6:25  SCV  
  95  6:26  SCV, Hellion  
  95  6:30  Supply Depot  
  95  6:32  SCV  
  100  6:38  SCV  
  98  6:42  Missile Turret, Banshee, Hyperflight Rotors  
  98  6:43  Missile Turret  
  98  6:44  SCV  
  98  6:46  SCV, Supply Depot  
  103  6:50  Hellion  
  103  6:52  Hellion  
  103  6:53  SCV  
  108  6:58  SCV  
  108  7:00  SCV  
  110  7:04  Thor  
  110  7:06  SCV, Supply Depot  
  117  7:12  Thor  
  123  7:18  Hellion  
  123  7:19  Hellion  
  125  7:23  SCV  
  125  7:29  Factory  
  124  7:30  SCV, Banshee  
  124  7:31  Factory  
  126  7:38  SCV x2  
  126  7:39  Supply Depot  
  126  7:40  Terran Vehicle Weapons Level 1  
  126  7:44  Hellion x2  
  132  7:50  Thor  
  138  7:57  Supply Depot  
  138  8:01  Thor  
  138  8:02  Supply Depot  
  144  8:07  Supply Depot  
  144  8:08  Hellion x2  
  148  8:12  Infernal Pre-Igniter  
  148  8:15  Factory Reactor, Factory Tech Lab  
  148  8:18  Banshee  
  151  8:20  Supply Depot  
  150  8:31  Command Center  
  150  8:32  Hellion x2  
  150  8:35  Sensor Tower  
  150  8:38  Thor  
  156  8:45  Supply Depot  
  156  8:46  Thor  
  162  8:53  Hellion x6  
  162  8:54  Hellion  
  162  8:57  Hellion x4  
  162  8:58  Hellion  
  169  9:03  Banshee  
  169  9:05  Supply Depot  
  169  9:16  Smart Servos  
  169  9:19  Thor, Hellion  
  169  9:22  Command Center  
  177  9:25  Thor  
  177  9:28  Hellion  
  185  9:34  Thor  
  188  9:40  Hellion  
  188  9:47  Hellion  
  177  10:02  Thor  
  177  10:04  Hellion  
  169  10:08  SCV, Thor  
  171  10:27  Hellion x2  
  166  10:34  Thor  
  166  10:35  Hellion  
  168  10:37  SCV  
  168  10:41  SCV  
  160  10:51  Orbital Command  
  160  10:54  Orbital Command  

Tags
 
Add a new tag
Caveats
  • Supply blocks, unpowered buildings, or Contaminate may cause inaccurate times.
  • Supply counts are checked every 10 seconds.